AoeStats
← [CL] Al3jandr0.magn00

Arabia

503680863Analyzed
1v1 RM · 1mo ago on Sep 1, 2026· 44m 41s· 2 players
Game mode
Random Map
Map size
Tiny (2 player)
Population
200
Speed
Normal
Resources
Standard
Victory
Conquest
Starting age
Dark Age
Ending age
Imperial Age
RankedLock teamsTeams togetherTeam positionsShared explorationLock speedFull tech treeHidden civsTurbo modeCheats
Victory
Defeat
🇦🇷 Aztecs · Argentina
1886
+8
🇧🇷 Vikings · Brazil
1702
-8
[CL] Al3jandr0.magn00
6:27 Loom
9:19 Feudal Age
9:58 Double-Bit Axe
14:44 Fletching
17:57 Forging
18:11 Padded Archer Armor
22:44 Castle Age
20:57 Horse Collar
22:06 Gold Mining
23:30 Bodkin Arrow
22:55 Crossbowman
24:04 Bow Saw
25:31 Ballistics
27:47 Wheelbarrow
34:00 Hand Cart
33:31 Town Watch
35:39 Heavy Plow
38:41 Imperial Age
37:41 Gold Shaft Mining
39:48 Scale Mail Armor
39:51 Bracer
41:06 Chemistry
39:28 Arbalester
39:36 Eagle Warrior
40:32 Scale Mail Armor
41:28 Chain Mail Armor
41:42 Conscription
41:57 Squires
43:39 Plate Mail Armor
43:51 Elite Eagle Warrior
F4T
6:33 Loom
8:58 Feudal Age
9:19 Man-at-Arms
15:09 Fletching
18:22 Double-Bit Axe
22:53 Castle Age
20:43 Horse Collar
21:16 Gold Mining
21:59 Padded Archer Armor
23:33 Bodkin Arrow
23:01 Crossbowman
27:23 Leather Archer Armor
27:37 Ballistics
36:43 Imperial Age
38:21 Bracer
37:42 Arbalester
39:54 Bogsveigar
43:58 Ring Archer Armor
Connection lost

Rejoining the realm…

Still unreachable

The connection could not be restored.

Session expired

The server has moved on; the page needs a fresh start.